 Seeded DCSS version 0.29-a0-323-g050149af67 (webtiles) character file.

Game seed: 17727003791737249675 (custom seed)

33 ImHallYall the Skirmisher (level 3, -2/29 HPs)
             Began as a Demonspawn Berserker on Apr 11, 2022.
             Was a Believer of Trog.
             Slain by Sigmund
             ... wielding a +0 scythe
              (10 damage)
             ... on level 2 of the Dungeon.
             The game lasted 00:02:37 (1900 turns).

ImHallYall the Skirmisher (Demonspawn Berserker)    Turns: 1900, Time: 00:02:38

Health: -2/29      AC:  5    Str: 19    XL:     3   Next: 12%
Magic:  3/3        EV: 11    Int:  8    God:    Trog [**....]
Gold:   116        SH:  0    Dex: 12    Spells: 2/2 levels left

rFire   . . .      SeeInvis .   d - +0 quarterstaff
rCold   . . .      Faith    .   (shield currently unavailable)
rNeg    . . .      Spirit   .   e - +0 ring mail
rPois   .          Reflect  .   (no helmet)
rElec   .          Harm     .   (no cloak)
rCorr   .          Rampage  .   (no gloves)
Will    .....                   (no boots)
Stlth   +.........              (no amulet)
HPRegen 0.09/turn               (no ring)
MPRegen 0.08/turn               (no ring)

@: no status effects
A: claws 1
a: Renounce Religion, Berserk, Trog's Hand


You were on level 2 of the Dungeon.
You worshipped Trog.
Trog was pleased with you.
You visited 1 branch of the dungeon, and saw 2 of its levels.

You collected 116 gold pieces.

Inventory:

Hand Weapons
 a - a +0 falchion
 d - a +0 quarterstaff (weapon)
 f - a +0 long sword
Armour
 b - a +0 animal skin
 e - a +0 ring mail (worn)
Scrolls
 c - a scroll of enchant weapon {unknown}
 g - a scroll of identify {unknown}
 h - a scroll of immolation {unknown}
Potions
 i - a potion of might {unknown}
 j - a potion of magic {unknown}


   Skills:
 + Level 3.5 Fighting
 + Level 3.0 Long Blades
 + Level 0.1 Staves
 + Level 2.0 Armour
 + Level 2.1 Dodging
 + Level 0.1 Stealth


You had 2 spell levels left.
You didn't know any spells.
Your spell library was empty.

Dungeon Overview and Level Annotations

Branches:
Dungeon (2/15)

Altars:

Annotations:
D:2 Sigmund


Innate Abilities, Weirdness & Mutations

You have sharp fingernails.


Message History

Sigmund shouts!
A rat comes into view.
Found a copper wand.
Sigmund points at you and mumbles some strange words.
The magic dart hits you!
Found 25 stones.
Sigmund casts a spell.
Sigmund flickers and vanishes!
Deactivating autopickup; reactivate with Ctrl-A.
Found a stone staircase leading down.
The rat attacks as you move away! The rat barely misses you.
You sock the rat!
You kill the rat!
Trog accepts your kill.
Something tries to affect you, but you resist.
A hobgoblin comes into view.
Found a fizzy green potion.
The hobgoblin shouts!
Something tries to affect you, but you resist.
A rat comes into view.
The hobgoblin hits you but does no damage.
You sock the hobgoblin!
You kill the hobgoblin!
Trog accepts your kill.
You see here a hobgoblin corpse.
A puff of flame appears from out of thin air!
The puff of flame misses you. The rat misses you.
You hit the rat.
You kill the rat!
Trog accepts your kill.
You see here a fizzy green potion.
j - a fizzy green potion A magic dart appears from out of thin air!
The magic dart hits you.
Sigmund appears from thin air!
Reactivating autopickup.
Sigmund hits you with a +0 scythe!
* * * LOW HITPOINT WARNING * * *
Sigmund hits you from afar with a +0 scythe!
You die...

#......... .......
#######.............#.##.
#..................##..
#.................... ..
#...............#..#.
#######..............
#...................
#.....†.....>.......
#.........@.@.......
#....................
#....................
#...............#####
##..............#
#..............#
#..............#
................
.................


You could see Sigmund.

Vanquished Creatures
  A dart slug (D:1)
  An endoplasm (D:1)
  3 goblins (D:1)
  2 hobgoblins
  2 jackals (D:1)
  3 quokkas (D:1)
  4 ball pythons (D:1)
  2 bats (D:1)
  2 frilled lizards (D:1)
  2 kobolds (D:1)
  9 rats
31 creatures vanquished.

Notes
Turn   | Place    | Note
-------+----------+-------------------------------------------
     0 | D:1      | ImHallYall the Demonspawn Berserker began the quest for the
                  | Orb.
     0 | D:1      | Reached XP level 1. HP: 18/18 MP: 1/1
   169 | D:1      | Gained mutation: You have sharp fingernails. [demonic
                  | ancestry]
   169 | D:1      | Reached XP level 2. HP: 15/24 MP: 2/2
  1219 | D:1      | Reached ** piety under Trog
  1220 | D:1      | Reached XP level 3. HP: 15/29 MP: 3/3
  1867 | D:2      | Noticed Sigmund
  1900 | D:2      | Slain by Sigmund

Illustrated notes

Levels and vault maps discovered:
D:1:      sevenhm_arrival_forest_fort_small_4, layout_loops_corners,
          minmay_rat_gold_closets
D:2:      layout_basic, uniq_sigmund

Skill      XL: |  1  2 |
---------------+-------+-----
Dodging        | 2 |  2.1
Long Blades    | 3 |  3.0
Armour         | 2 |  2.0
Fighting       | |  3.5
Staves         | |  0.1
Stealth        | |  0.1

Action                   || total
-------------------------++-------
Melee: Falchion          ||    34
       Quarterstaff      ||    41
       Punch             ||     1
Armor: Animal skin       ||     9
       Ring mail         ||    17
Dodge: Dodged            ||    46

Table legend: (Time is in decaauts)
 A = Elapsed time spent in this place.
 B = Non-inter-level travel time spent in this place.
 C = Inter-level travel time spent in this place.
 D = Time resting spent in this place.
 E = Time spent auto-exploring this place.
 F = Levels seen in this place.
 G = Mean time per level.
                   A        B        C        D        E       F      G
               +--------+--------+--------+--------+--------+-----+--------+
         Total |   1921 |   1921 |      0 |    891 |    637 |   2 |  960.5 |
       Dungeon |   1921 |   1921 |      0 |    891 |    637 |   2 |  960.5 |
               +--------+--------+--------+--------+--------+-----+--------+

Top non-repeatable levels by time:
     D:1: 1886 daAuts
     D:2: 34 daAuts
